 Dungeon Sprint DCSS version 0.23.2-40-g277498a001 (webtiles) character file.

Game seed: 6645165769933029995

553 Nivan the Fighter (level 7, 0/73 HPs)
             Began as a Minotaur Fighter on Sept 26, 2019.
             Slain by an orange demon (1 damage)
             ... summoned by a kobold demonologist
             ... in the Dungeon (Sprint I: "Red Sonja").
             The game lasted 00:03:29 (484 turns).

Nivan the Fighter (Minotaur Fighter)                 Turns: 484, Time: 00:03:29

Health: 0/73       AC:  8    Str: 23    XL:     7   Next: 8%
Magic:  6/6        EV: 10    Int:  5    God:
Gold:   270        SH: 12    Dex:  9    Spells: 6/6 levels left

rFire    . . .     SeeInvis .   a - +0 war axe
rCold    . . .     Gourm    .   c - +0 shield
rNeg     . . .     Faith    .   b - +0 scale mail
rPois    .         Spirit   .   (helmet restricted)
rElec    .         Reflect  .   (no cloak)
rCorr    .         Harm     .   (no gloves)
MR       .....     NoTele   +   (no boots)
Stlth    ..........             (no amulet)
HPRegen  0.22/turn              (no ring)
MPRegen  0.10/turn              (no ring)

@: lethally poisoned (0 -> -4)
A: retaliatory headbutt, horns 2
a: no special abilities


You were in the Dungeon.
You were not hungry.

You visited 1 branch You collected 270 gold pieces.

Inventory:

Hand Weapons
 a - a +0 war axe (weapon)
 e - a +0 scythe
Armour
 b - a +0 scale mail (worn)
 c - a +0 shield (worn)
 l - a +0 robe
Scrolls
 k - a scroll of blinking
Potions
 d - a potion of might
 g - a potion of heal wounds
 i - 2 potions of magic
 j - a potion of berserk rage
Comestibles
 f - a ration


   Skills:
 + Level 10.3 Fighting
 + Level 7.3 Axes
 + Level 10.3 Armour
 + Level 1.9 Dodging
 + Level 10.2 Shields


You had 6 spell levels left.
You didn't know any spells.
Your spell library was empty.

Dungeon Overview and Level Annotations

Branches:
Dungeon (1/1)

Altars:
Makhleb
Xom
Jiyva
Lugonu


Innate Abilities, Weirdness & Mutations

You reflexively headbutt those who attack you in melee.
You have a pair of horns on your head.


Message History

The hellwing misses you. The hellwing hits you.
The hellwing hits you but does no damage.
You block the hellwing's attack. The orange demon stings you.
The orange demon barely misses you.
You hit the orange demon. Your headbutt misses the orange demon.
The orange demon is severely wounded.
You hit the kobold demonologist but do no damage. x2
You hit the hellwing but do no damage. You hit the hellwing.
You feel sick.
The kobold demonologist hits you but does no damage.
The hellwing hits you!
* * * LOW HITPOINT WARNING * * *
The hellwing hits you.
* * * LOW HITPOINT WARNING * * *
The kobold demonologist gestures wildly while chanting.
The crimson imp blinks!
The red devil hits you but does no damage.
You block the hellwing's attack. x2; The orange demon stings you!
* * * LOW HITPOINT WARNING * * *
The orange demon hits you.
You die...

#########################
<.#..)..#..'..#4K#4§'...#
..[..#..'÷.#..'4@K55#...#
..#####'#####+#54#### ..+
..# #..# #### ## ..# ####
..# ⌠⌠# ###


You could see an orange demon, 2 hellwings, 2 kobold demonologists, a red devil,
a white imp, a shadow imp and an ufetubus.

Vanquished Creatures
  A slime creature (D)
  Sigmund (D)
  A floating eye (D)
  An ogre (D)
  Ijyb (D)
5 creatures vanquished.

Notes
Turn   | Place    | Note
-------+----------+-------------------------------------------
     0 | D        | Nivan the Minotaur Fighter began the quest for the Orb.
     0 | D        | Reached XP level 1. HP: 19/19 MP: 0/0
     2 | D        | Noticed Ijyb
    13 | D        | Killed Ijyb
    13 | D        | Reached skill level 5 in Fighting
    13 | D        | Reached skill level 5 in Armour
    13 | D        | Reached skill level 5 in Shields
    13 | D        | Reached XP level 2. HP: 21/29 MP: 1/1
    99 | D        | Noticed an ogre
   104 | D        | Killed an ogre
   104 | D        | Reached XP level 3. HP: 26/38 MP: 2/2
   104 | D        | Reached XP level 4. HP: 31/45 MP: 3/3
   108 | D        | Noticed Sigmund
   142 | D        | Killed Sigmund
   142 | D        | Reached skill level 5 in Axes
   142 | D        | Reached skill level 1 in Dodging
   142 | D        | Reached XP level 5. HP: 3/56 MP: 4/4
   142 | D        | Reached XP level 6. HP: 4/62 MP: 5/5
   442 | D        | Found a burning altar of Makhleb.
   442 | D        | Found a viscous altar of Jiyva.
   442 | D        | Found a shimmering altar of Xom.
   442 | D        | Found a corrupted altar of Lugonu.
   442 | D        | Noticed a slime creature
   451 | D        | Killed a slime creature
   451 | D        | Reached skill level 10 in Fighting
   451 | D        | Reached skill level 10 in Armour
   467 | D        | Noticed a kobold demonologist
   467 | D        | Noticed a floating eye
   467 | D        | Noticed a kobold demonologist
   471 | D        | Noticed a hellwing
   475 | D        | Killed a floating eye
   475 | D        | Reached skill level 10 in Shields
   475 | D        | Reached XP level 7. HP: 62/73 MP: 6/6
   479 | D        | Noticed an orange demon
   479 | D        | Noticed a red devil
   481 | D        | Noticed a hellwing
   484 | D        | HP: 1/73 [orange demon[a kobold demonologist] (10)]
   484 | D        | Slain by an orange demon

Skill      XL: |  1  2  3  4  5  6 |
---------------+-------------------+-----
Fighting       | 5 6 8 10 | 10.3
Axes           | 3 4 5 7 |  7.3
Armour         | 5 7 9 10 | 10.3
Shields        | 5 7 8 10 | 10.2
Dodging        | 1 |  1.9

Action                   |  1- 3 |  4- 6 |  7- 9 || total
-------------------------+-------+-------+-------++-------
Melee: War axe           |    13 |    26 |     9 ||    48
       Headbutt          |     1 |     5 |     1 ||     7
  Use: Potion            |     1 |     1 |       ||     2
Armor: Scale mail        |     3 |     5 |    20 ||    28
Dodge: Dodged            |     3 |     7 |    11 ||    21
Block: Shield            |     4 |     6 |    16 ||    26
